 Dungeon Crawl Stone Soup version 0.29-a0-340-g6efceafd81 (webtiles) character file.

Game seed: 4095152460178206656

3 siradein the Skirmisher (level 1, 0/11 HPs)
             Began as a Vine Stalker Berserker on Apr 19, 2022.
             Was a Follower of Trog.
             Slain by an endoplasm (2 damage)
             ... on level 1 of the Dungeon.
             The game lasted 00:00:20 (359 turns).

siradein the Skirmisher (Vine Stalker Berserker)     Turns: 359, Time: 00:00:20

Health: 0/11       AC:  2    Str: 19    XL:     1   Next: 50%
Magic:  0/2        EV: 12    Int:  7    God:    Trog [*.....]
Gold:   15         SH:  0    Dex: 13    Spells: 0/0 levels left

rFire   . . .      SeeInvis .   c - +0 dagger (holy)
rCold   . . .      Faith    .   (no shield)
rNeg    . . .      Spirit   +   b - +0 animal skin
rPois   .          Reflect  .   (no helmet)
rElec   .          Harm     .   (no cloak)
rCorr   .          Rampage  .   (no gloves)
Will    .....                   (no boots)
Stlth   +.........              (no amulet)
HPRegen 0.03/turn               (no ring)
MPRegen 0.08/turn               (no ring)

@: no status effects
A: fangs 2, magic shield, antimagic bite, no potion heal 2
a: Renounce Religion, Berserk


You were on level 1 of the Dungeon.
You worshipped Trog.
Trog was aware of your devotion.
You visited 1 branch of the dungeon, and saw 1 of its levels.

You collected 15 gold pieces.

Inventory:

Hand Weapons
 c - a +0 dagger of holy wrath (weapon)
Armour
 b - a +0 animal skin (worn)
Potions
 a - a potion of heal wounds {unknown}


   Skills:
 + Level 2.7 Fighting
 + Level 2.7 Short Blades
 + Level 1.6 Armour
 + Level 1.6 Dodging


You couldn't memorise any spells.
You didn't know any spells.
Your spell library was empty.

Dungeon Overview and Level Annotations

Branches:
Dungeon (1/15)

Altars:


Innate Abilities, Weirdness & Mutations

You have extremely sharp teeth.
When hurt, damage is shared between your health and your magic reserves.
Your bite disrupts and absorbs the magic of your enemies.
Potions cannot restore your health.


Message History

a - a silvery potion
Found 6 poisoned darts.
A kobold comes into view. It is wielding a +0 whip.
The kobold shouts!
The kobold throws a stone.
The stone hits you but does no damage.
You see here 15 gold pieces.
A kobold is nearby!
A kobold is nearby!
A kobold is nearby!
An endoplasm comes into view.
The endoplasm moves out of view.
The kobold throws a stone.
The stone hits you. The kobold barely misses you.
You closely miss the kobold. The kobold hits you with a +0 whip.
You closely miss the kobold.
A ball python comes into view.
The kobold closely misses you.
The ball python hisses angrily.
You hit the kobold.
The kobold is moderately wounded.
You closely miss the kobold.
The kobold is moderately wounded.
The kobold barely misses you.
You hit the kobold. Your bite misses the kobold.
The kobold is severely wounded.
The endoplasm freezes you.
You are frozen.
The kobold barely misses you. The ball python closely misses you.
The ball python barely misses you.
You are too injured to fight recklessly!
You are too injured to fight recklessly!
You are too injured to fight recklessly!
The endoplasm freezes you.
You are frozen.
* * * LOW HITPOINT WARNING * * *
The kobold throws a stone.
The stone closely misses you.
The ball python attacks as you move away!
The ball python misses you. The ball python completely misses you.
The endoplasm attacks as you move away! The endoplasm barely misses you.
The endoplasm attacks as you move away! The endoplasm hits you.
You die...

........#..#...#..###
.......=......#....##
.## #..###....(.......
.....#...........#....
....................#
..#..#.####$KS..#...####
... ....................
# #.#########J.......#
....## ... +#@###.#.#
....# .. #.# #.# ...# ..
#.# #.# #..# .# #.# #.#
# ##..##..## #.# #.#.#
##...##...##. #.###.#.#
.............
#..##.#.#####
.....<.......
##............
###..##..####
#...........##


You could see an endoplasm, a ball python and a kobold.

Vanquished Creatures
  A goblin (D:1)
  A hobgoblin (D:1)
  A rat (D:1)
3 creatures vanquished.

Notes
Turn   | Place    | Note
-------+----------+-------------------------------------------
     0 | D:1      | siradein the Vine Stalker Berserker began the quest for the
                  | Orb.
     0 | D:1      | Reached XP level 1. HP: 11/11 MP: 2/2
   359 | D:1      | Slain by an endoplasm

Illustrated notes

Levels and vault maps discovered:
D:1:      minmay_arrival_four_loops, layout_basic,
          hellmonk_ecumenical_altar_watching_god

Action                   || total
-------------------------++-------
Melee: Short sword       ||    16
       Dagger            ||     8
       Bite              ||     3
Armor: Animal skin       ||     2
Dodge: Dodged            ||    19

Table legend: (Time is in decaauts)
 A = Elapsed time spent in this place.
 B = Non-inter-level travel time spent in this place.
 C = Inter-level travel time spent in this place.
 D = Time resting spent in this place.
 E = Time spent auto-exploring this place.
 F = Levels seen in this place.
 G = Mean time per level.
                   A        B        C        D        E       F      G
               +--------+--------+--------+--------+--------+-----+--------+
         Total |    356 |    356 |      0 |      0 |    310 |   1 |  356.0 |
       Dungeon |    356 |    356 |      0 |      0 |    310 |   1 |  356.0 |
               +--------+--------+--------+--------+--------+-----+--------+

Top non-repeatable levels by time:
     D:1: 356 daAuts
